 Dungeon Crawl Stone Soup version 0.28.0-47-ge53b351184 (webtiles) character file.

Game seed: 10167406751360266449

69 Peloso the Shield-Bearer (level 4, -4/60 HPs)
             Began as a Minotaur Fighter on Apr 25, 2022.
             Slain by Grinder (7 damage)
             ... on level 3 of the Dungeon.
             The game lasted 00:02:37 (1708 turns).

Peloso the Shield-Bearer (Minotaur Fighter)         Turns: 1708, Time: 00:02:37

Health: -4/60      AC: 22    Str: 20    XL:     4   Next: 2%
Magic:  3/3        EV:  2    Int:  5    God:
Gold:   66         SH:  5    Dex: 12    Spells: 3/3 levels left

rFire   . . .      SeeInvis .   a - +0 long sword
rCold   . . .      Faith    .   c - +0 buckler
rNeg    . . .      Spirit   .   (armour currently unavailable)
rPois   +          Reflect  .   (helmet currently unavailable)
rElec   .          Harm     .   (cloak currently unavailable)
rCorr   .          Rampage  .   (gloves currently unavailable)
Will    .....      NoTele   +   (boots currently unavailable)
Stlth   +.........              (no amulet)
HPRegen 0.20/turn               (no ring)
MPRegen 0.08/turn               (no ring)

@: tree-form, attractive
A: stationary, stasis, torment immunity, boosted hp, (horns 2), (retaliatory
headbutt)
a: no special abilities


You were on level 3 of the Dungeon.
You were a tree.
You visited 1 branch of the dungeon, and saw 3 of its levels.

You collected 66 gold pieces.

Inventory:

Hand Weapons
 a - a +0 long sword (weapon)
Armour
 b - a +0 scale mail (melded)
 c - a +0 buckler (worn)
Jewellery
 e - a ring of resist corrosion
Scrolls
 h - a scroll of vulnerability {unknown}
 i - 2 scrolls of fear {unknown}
 j - 2 scrolls of teleportation {unknown}
 l - 3 scrolls of immolation {unknown}
Potions
 d - a potion of might


   Skills:
 + Level 4.1 Fighting
 + Level 3.5 Long Blades
 + Level 4.2 Armour
 + Level 4.4 Shields


You had 3 spell levels left.
You didn't know any spells.
Your spell library was empty.

Dungeon Overview and Level Annotations

Branches:
Dungeon (3/15)

Altars:
Xom

Shops:
D:3 [

Annotations:
D:3 2 transporters, Grinder; deveboy's ghost, amateur TrBe


Innate Abilities, Weirdness & Mutations

You are a tree.
Your roots penetrate the ground, keeping you stationary.
You cannot be teleported.
You are immune to unholy pain and torment.
Your maximum health is greatly increased.
Your equipment is partially melded.
((You have a pair of horns on your head.))
((You reflexively headbutt those who attack you in melee.))


Message History

You kill the bat!
Grinder gestures at you. Pain shoots through your body!
Grinder blinks!
Grinder gestures at you.
You suddenly lose the ability to move!
You can move again.
You hit Grinder. You headbutt Grinder.
Grinder is moderately wounded.
You block Grinder's attack.
You barely miss Grinder.
Grinder is moderately wounded.
Grinder blinks!
Grinder gestures at you.
You suddenly lose the ability to move!
Grinder hits you.
You writhe in agony.
Grinder hits you.
You writhe in agony.
Grinder hits you!
You writhe in agony.
* * * LOW HITPOINT WARNING * * *
You can move again.
It was a potion of magic.
Magic courses through your body. Grinder hits you!
* * * LOW HITPOINT WARNING * * *
Okay, then.
It was a potion of curing.
You feel better. Grinder hits you.
* * * LOW HITPOINT WARNING * * *
You writhe in agony.
* * * LOW HITPOINT WARNING * * *
It was a potion of lignification.
You turn into a tree.
Your +0 scale mail melds into your body.
Your roots penetrate the ground.
Grinder hits you but does no damage.
It was a potion of attraction.
You feel attractive to monsters. Grinder hits you.
* * * LOW HITPOINT WARNING * * *
You writhe in agony.
* * * LOW HITPOINT WARNING * * *
You hit Grinder.
Grinder is moderately wounded.
Grinder hits you but does no damage. Grinder hits you!
You die...

.....#≈≈≈≈###.#.. ..# #
#...##### #.#.# #.# #
#....# #.#.# #.# #
####....#######.#.# #.# #
..............#.#.# #.# #
####....#####.#.#.###.# #
###......# #.....#.# #
##.###..#.#.# #....<..# #
........♣∩..# #.......###
...###.##5#.#.#..........
. #.#..#.#.#######.###
..#.##.#.# #.#
####.##[#.# #.# #.##.#.#
#.# #.##.#.# #.#
#.##.#.#######.#
#.##...........#


You could see Grinder.

Vanquished Creatures
  An adder (D:2)
  2 worms (D:3)
  3 dart slugs
  4 bats
  3 endoplasms
  2 giant cockroaches
  5 goblins
  7 hobgoblins
  3 jackals (D:2)
  2 quokkas (D:1)
  5 ball pythons
  2 frilled lizards (D:1)
  5 rats (D:1)
44 creatures vanquished.

Notes
Turn   | Place    | Note
-------+----------+-------------------------------------------
     0 | D:1      | Peloso the Minotaur Fighter began the quest for the Orb.
     0 | D:1      | Reached XP level 1. HP: 19/19 MP: 0/0
   223 | D:1      | Reached XP level 2. HP: 27/27 MP: 1/1
   604 | D:1      | Found a faded altar of an unknown god.
   614 | D:1      | Reached XP level 3. HP: 31/33 MP: 2/2
  1137 | D:2      | Found a shimmering altar of Xom.
  1507 | D:3      | Noticed deveboy's ghost (amateur TrBe)
  1508 | D:3      | Found a transporter.
  1520 | D:3      | Found a transporter.
  1656 | D:3      | Found Dunk's Armour Emporium.
  1663 | D:3      | Reached XP level 4. HP: 40/40 MP: 3/3
  1672 | D:3      | Noticed Grinder
  1689 | D:3      | Paralysed by Grinder for 6 turns
  1699 | D:3      | Paralysed by Grinder for 5 turns
  1704 | D:3      | HP: 2/40 [Grinder (7)]
  1708 | D:3      | Slain by Grinder

Illustrated notes

Levels and vault maps discovered:
D:1:      dpeg_arrival_tiny_a, layout_loops_cross,
          chequers_ecumenical_altar_simple_redux, dk_noncrumbling_3
D:2:      layout_loops_corners, basic_altar
D:3:      layout_basic, gammafunk_temple_overflow_elements,
          nicolae_wu_jian_immortal_techniques, nicolae_ru_awakened_eye,
          elyvilon_altar_5, serial_rivers, chequers_serial_rivers_marsh,
          chequers_serial_rivers_room_b, chequers_serial_rivers_room_b,
          chequers_serial_rivers_micro_c, gammafunk_ghost_arena, serial_shops,
          nicolae_shop_hallway_plus, nicolae_shop_waterfront,
          nicolae_square_shop, nicolae_shop_crystal, uniq_sigmund, uniq_grinder,
          uniq_natasha

Skill      XL: |  1  2 |
---------------+-------+-----
Armour         | 4 |  4.2
Long Blades    | 3 |  3.5
Shields        | 4 |  4.4
Fighting       | 4 |  4.1

Action                   |  1- 3 |  4- 6 || total
-------------------------+-------+-------++-------
Melee: Long sword        |    92 |     8 ||   100
       Headbutt          |    10 |     1 ||    11
  Use: Potion            |       |     4 ||     4
Armor: Scale mail        |    44 |     5 ||    49
       Skin              |       |     2 ||     2
Dodge: Dodged            |    45 |     3 ||    48
Block: Buckler           |    23 |     5 ||    28
